 Dungeon Crawl Stone Soup version 0.22.1-1-ga44c0e56f4 (webtiles) character file.

695 Jynx the Basher (level 7, -13/41 HPs)
             Began as a Gargoyle Fighter on Oct 22, 2018.
             Mangled by an ogre
             ... wielding a +0 giant club
              (21 damage)
             ... on level 5 of the Dungeon.
             The game lasted 00:06:27 (4264 turns).

Jynx the Basher (Gargoyle Fighter)                  Turns: 4264, Time: 00:06:27

Health: -13/41     AC:  5    Str: 21    XL:     7   Next: 64%
Magic:  7/7        EV:  8    Int:  8    God:
Gold:   240        SH:  9    Dex: 10    Spells: 6/6 levels left

rFire    . . .     SeeInvis .   a - +0 flail
rCold    . . .     Gourm    .   c - +0 shield
rNeg     + . .     Faith    .   (no armour)
rPois    ∞         Spirit   .   (no helmet)
rElec    +         Reflect  .   w - scarf {cloud immunity}
rCorr    .         Harm     .   g - +0 pair of gloves
MR       .....                  (no boots)
Stlth    +.........             (no amulet)
HPRegen  0.13/turn              (no ring)
MPRegen  0.10/turn              (no ring)

@: no status effects
A: negative energy resistance 1, electricity resistance, unbreathing,
petrification resistance, rot immunity, AC +4
a: no special abilities


You were on level 5 of the Dungeon.
You were hungry.

You visited 1 branch of the dungeon, and saw 5 of its levels.
You also visited: Ossuary.

You collected 240 gold pieces.

Inventory:

Hand Weapons
 a - a +0 flail (weapon)
Armour
 b - a +0 scale mail
 c - a +0 shield (worn)
 g - a +0 pair of gloves (worn)
 o - a +0 cloak
 t - a +0 chain mail
 w - a scarf of cloud immunity (worn)
Jewellery
 r - an uncursed amulet of rage
Scrolls
 d - a scroll of blinking {unknown}
 h - 6 scrolls of teleportation
 m - 3 scrolls of remove curse
 p - a scroll of fear {unknown}
 q - a scroll of amnesia {unknown}
 s - a scroll of magic mapping {unknown}
 u - 2 scrolls of fog {unknown}
Potions
 e - a potion of haste {unknown}
 i - 2 potions of heal wounds
 j - a potion of berserk rage {unknown}
 k - a potion of agility {unknown}
 l - a potion of cancellation {unknown}
 n - a potion of degeneration {unknown}
 v - a potion of brilliance {unknown}
 x - 2 potions of flight {unknown}
 z - a potion of magic {unknown}
Comestibles
 f - 10 rations


   Skills:
 - Level 3.2 Fighting
 + Level 8.4 Maces & Flails
 - Level 3.2 Armour
 - Level 3.2 Shields


You had 6 spell levels left.
You didn't know any spells.
Your spell library was empty.

Dungeon Overview and Level Annotations

Branches:
Dungeon (5/15)
 Temple: D:4-7

Altars:
Ashenzari
Cheibriados
Fedhas
Makhleb
Nemelex Xobeh
Uskayaw
Wu Jian
The Shining One

Shops:
D:5 %


Innate Abilities, Weirdness & Mutations

You are resistant to torment.
Your stone body is resilient. (AC +4)
You are immune to poison.
You resist negative energy. (rN+)
You are resistant to electric shocks. (rElec)
You can survive without breathing.
You are immune to petrification.
You are immune to rotting.


Message History

Found a pair of boots.
You sock the ogre!
The ogre is heavily wounded.
The ogre hits you with a giant club!!
Ouch! That really hurt!
You are too injured to fight recklessly!
You are too injured to fight recklessly!
You are too injured to fight recklessly!
The ogre hits you with a giant club!
* * * LOW HITPOINT WARNING * * *
You hit the ogre.
The ogre is heavily wounded.
You hit the ogre but do no damage.
The ogre is heavily wounded.
The ogre barely misses you.
You hit the ogre.
The ogre is severely wounded.
The ogre hits you with a giant club!!
Ouch! That really hurt!
You die...

#...........................
##...........................
#............................
#............................
#...............##...........
###..........#####.......####
#..........................
#..........#####...........
#.........@#...#...........
#..........O5..............
#......#####...............
#......# #...............
..................#######..
................# #..
............# #####..
...5........# #......
............# #......


You could see an ogre and a crimson imp.

Vanquished Creatures
  A phantom (D:4)
  2 ogres
  A scorpion (D:5)
  A howler monkey (D:3)
  A worker ant (D:5)
  Natasha (twice) (D:2)
  2 orc wizards
  A hound skeleton (D:4)
  A mummy (Ossuary)
  6 adders
  2 shadow imps (D:5)
  An ooze (D:4)
  An adder skeleton (D:5)
  A worm (D:4)
  3 dart slugs
  2 leopard geckos
  12 orcs
  A ball python (D:2)
  7 bats
  5 giant cockroaches
  16 goblins
  7 hobgoblins
  6 jackals
  13 kobolds
  A quokka (D:3)
  10 frilled lizards
  A giant cockroach zombie (D:5)
  A hobgoblin zombie (Ossuary)
  A kobold zombie (Ossuary)
  An orc zombie (Ossuary)
  7 rats
117 creatures vanquished.

Notes
Turn   | Place    | Note
-------+----------+-------------------------------------------
     0 | D:1      | Jynx the Gargoyle Fighter began the quest for the Orb.
     0 | D:1      | Reached XP level 1. HP: 14/14 MP: 1/1
   148 | D:1      | Reached XP level 2. HP: 19/19 MP: 2/2
   256 | D:1      | Reached skill level 3 in Maces & Flails
   476 | D:1      | Reached XP level 3. HP: 23/23 MP: 3/3
   741 | D:2      | Reached skill level 4 in Maces & Flails
   762 | D:2      | Reached XP level 4. HP: 25/28 MP: 4/4
   858 | D:2      | Noticed Natasha
   876 | D:2      | Killed Natasha
   999 | D:2      | Reached skill level 5 in Maces & Flails
  1122 | D:2      | Reached XP level 5. HP: 32/32 MP: 5/5
  1432 | D:2      | Noticed Natasha
  1438 | D:2      | Killed Natasha
  1809 | D:3      | Found a burning altar of Makhleb.
  1814 | D:3      | Found a blossoming altar of Fedhas.
  1814 | D:3      | Found a shattered altar of Ashenzari.
  1825 | D:3      | Found an ornate altar of the Wu Jian Council.
  1829 | D:3      | Found a glowing golden altar of the Shining One.
  2070 | D:3      | Found a hide-covered altar of Uskayaw.
  2175 | D:3      | Found a snail-covered altar of Cheibriados.
  2234 | D:3      | Reached skill level 6 in Maces & Flails
  2236 | D:3      | Reached XP level 6. HP: 37/37 MP: 6/6
  2532 | D:4      | Noticed a phantom
  2583 | D:4      | Killed a phantom
  2605 | D:4      | Found a sparkling altar of Nemelex Xobeh.
  2675 | D:4      | Reached skill level 7 in Maces & Flails
  2706 | D:4      | Reached XP level 7. HP: 38/41 MP: 7/7
  2857 | D:4      | Found a sand-covered staircase.
  2873 | Ossuary  | Entered an ossuary
  3548 | D:5      | Entered Level 5 of the Dungeon
  3602 | D:5      | Reached skill level 8 in Maces & Flails
  3832 | D:5      | Found Telecvudaz's Food Emporium.
  4264 | D:5      | Mangled by an ogre

Skill      XL: |  1  2  3  4  5  6  7 |
---------------+----------------------+-----
Maces & Flails | 3 4 5 6 7 8 |  8.4
Fighting       | |  3.2
Armour         | |  3.2
Shields        | |  3.2

Action                   |  1- 3 |  4- 6 |  7- 9 || total
-------------------------+-------+-------+-------++-------
Melee: Flail             |   114 |   278 |    88 ||   480
  Use: Scroll            |     1 |     3 |     1 ||     5
       Potion            |       |       |     2 ||     2
  Eat: Chunk             |       |     7 |     4 ||    11
Armor: Scale mail        |    41 |   156 |    16 ||   213
       Skin              |       |       |    22 ||    22
Dodge: Dodged            |    40 |    83 |    25 ||   148
Block: Shield            |    76 |   130 |    28 ||   234
